 Dungeon Crawl Stone Soup version 0.24.0-37-gcf1ca852f1 (webtiles) character file.

Game seed: 10971313214026962785, levelgen mode: deterministic

3032 Delamore the Severer (level 9, -1/70 HPs)
             Began as a Hill Orc Fighter on Nov 25, 2019.
             Was a Follower of Okawaru.
             Slain by a soldier ant (2 damage)
             ... on level 8 of the Dungeon.
             The game lasted 00:10:26 (6534 turns).

Delamore the Severer (Hill Orc Fighter)             Turns: 6534, Time: 00:10:27

Health: -1/70      AC: 17    Str: 22    XL:     9   Next: 86%
Magic:  0/0        EV:  7    Int:  8    God:    Okawaru [*.....]
Gold:   537        SH:  9    Dex: 10    Spells: 8/8 levels left

rFire    . . .     SeeInvis +   a - +0 war axe
rCold    + + +     Gourm    .   c - +0 shield
rNeg     . . .     Faith    .   B - +1 scale mail "Ceguz" {-Tele rPois rC+++ MP-9}
rPois    +         Spirit   .   D - +0 helmet
rElec    .         Reflect  .   A - +0 cloak
rCorr    .         Harm     .   (no gloves)
MR       .....     NoTele   +   (no boots)
Stlth    ..........             L - amulet of the acrobat
HPRegen  0.21/turn              G - +5 ring of protection
MPRegen  0.07/turn              g - ring of see invisible

@: no status effects
A: thin metallic scales 1, screaming 1
a: Heroism, Renounce Religion


You were on level 8 of the Dungeon.
You worshipped Okawaru.
Okawaru was aware of your devotion.
You were not hungry.

You visited 2 branches of the dungeon, and saw 9 of its levels.

You collected 537 gold pieces.

Inventory:

Hand Weapons
 a - a +0 war axe (weapon)
 E - the +12 dagger "Takuy" {flame, Str+8 Int-4 Stlth-}
   (You found it on level 4 of the Dungeon)

   It has been specially enchanted to burn those struck by it, causing extra
   injury to most foes and up to half again as much damage against particularly
   susceptible opponents.
   It affects your strength (+8).
   It affects your intelligence (-4).
   It makes you less stealthy.
Missiles
 x - 44 poisoned darts
 J - 7 curare-tipped darts (quivered)
Armour
 c - a +0 shield (worn)
 y - a +3 ring mail of poison resistance
 A - a +0 cloak (worn)
 B - the +1 scale mail "Ceguz" (worn) {-Tele rPois rC+++ MP-9}
   (You found it on level 4 of the Dungeon)

   It renders you almost immune to cold.
   It protects you from poison.
   It affects your magic capacity (-9).
   It prevents most forms of teleportation.
 D - a +0 helmet (worn)
Jewellery
 g - a ring of see invisible (right hand)
 u - a +5 ring of dexterity
 G - a +5 ring of protection (left hand)
 K - an uncursed ring of resist corrosion
 L - an amulet of the acrobat (around neck)
Wands
 v - a wand of iceblast (9)
Scrolls
 b - a scroll of fear
 h - 2 scrolls of magic mapping
 i - 2 scrolls of remove curse
 k - 2 scrolls of immolation {unknown}
 n - a scroll of enchant armour
 r - 3 scrolls of enchant weapon {unknown}
 s - 4 scrolls of identify
 t - 2 scrolls of fog {unknown}
 F - 2 scrolls of vulnerability {unknown}
 H - a scroll of amnesia
 I - a scroll of noise
 N - 2 scrolls of teleportation {unknown}
Potions
 d - 2 potions of might
 e - a potion of flight {unknown}
 j - a potion of degeneration {unknown}
 l - a potion of mutation
 m - 6 potions of curing
 o - 3 potions of agility
 p - a potion of lignification {unknown}
 q - a potion of haste {unknown}
 w - a potion of heal wounds {unknown}
 z - a potion of magic {unknown}
 C - a potion of cancellation {unknown}
 M - a potion of brilliance {unknown}
Comestibles
 f - 11 rations
 O - 4 chunks of flesh


   Skills:
 - Level 3.6 Fighting
 + Level 16.3 Axes
 - Level 3.2 Armour
 - Level 3.2 Shields


You had 8 spell levels left.
You didn't know any spells.
Your spell library contained the following spells:

 Spells                   Type           Power        Failure   Level  Hunger
 Animate Skeleton         Necr           N/A          99%         1    ##.....
 Corona                   Hex            #......      99%         1    ##.....
 Pain                     Necr           #...         99%         1    ##.....
 Ensorcelled Hibernation  Hex/Ice        #.....       100%        2    ###....
 Confuse                  Hex            #.......     100%        3    ####...
 Dazzling Spray           Conj/Hex       #.....       100%        3    ####...
 Regeneration             Chrm/Necr      #.........   100%        3    ####...
 Tukima's Dance           Hex            #.......     100%        3    ####...
 Vampiric Draining        Necr           #.........   100%        3    ####...
 Animate Dead             Necr           N/A          100%        4    #####..


Dungeon Overview and Level Annotations

Branches:
Dungeon (8/15)             Temple (1/1) D:5
   Lair: D:8-11

Altars:
Ashenzari
Cheibriados
Elyvilon
Fedhas
Gozag
Hepliaklqana
Kikubaaqudgha
Nemelex Xobeh
Okawaru
Qazlal
Ru
Vehumet
Wu Jian
Xom
Yredelemnul
Jiyva

Annotations:
D:5 1 runed translucent door, Linguinho's ghost, novice TrFi


Innate Abilities, Weirdness & Mutations

You are partially covered in thin metallic scales. (AC +2)
You occasionally shout uncontrollably at your foes.


Message History

You feel sick. The hornet stings you!
* * * LOW HITPOINT WARNING * * *
You are more poisoned.
You feel yourself slow down. The hornet stings you.
* * * LOW HITPOINT WARNING * * *
You slash the hornet!
You kill the hornet!
Okawaru is honoured by your kill.
You can now gain great but temporary skills.
* * * LOW HITPOINT WARNING * * *
You feel sick.
It was a potion of curing.
You feel better. The soldier ant stings you!
* * * LOW HITPOINT WARNING * * *
You block the soldier ant's attack.
It was a potion of mutation.
You feel extremely strange.
You feel the urge to shout.
Thin metallic scales grow over part of your body.
You feel yourself speed up. The soldier ant stings you.
You die...

###........#
#..........###
#............#
#...#.......#. ##
#...#......... #.#
##.(....)().#
##a#.#..<(.(#.(.###
#.#a###..####.....#
#@#.###.# ##))#.#
###.###...## ##....#
#..#..#....###.....#
##..........##.....#
######.....#.......
##........##..
####.....# ..
#.......##.
##.........


You could see a soldier ant.

Vanquished Creatures
  A hornet (D:8)
  Sigmund (D:4)
  An ice beast (D:7)
  6 ogres
  A phantom (D:7)
  5 centaurs
  A big kobold (D:6)
  3 bullfrogs
  A scorpion (D:4)
  3 howler monkeys (D:7)
  3 crimson imps
  2 hounds (D:4)
  3 bullfrog zombies
  A centaur skeleton (D:4)
  A jelly (D:7)
  4 orc priests
  6 orc wizards
  2 bullfrog skeletons
  4 iguanas
  Natasha (twice) (D:4)
  5 worker ants
  A hound skeleton (D:6)
  8 adders
  A shadow imp (D:5)
  An adder skeleton (D:4)
  4 worms
  2 dart slugs
  7 leopard geckos
  33 orcs
  9 giant cockroaches
  7 hobgoblins
  8 jackals
  11 kobolds
  2 ball pythons
  A ball python skeleton (D:4)
  4 bats
  5 frilled lizards
  11 goblins
  A jackal skeleton (D:7)
  A quokka skeleton (D:4)
  9 rats
182 creatures vanquished.

Notes
Turn   | Place    | Note
-------+----------+-------------------------------------------
     0 | D:1      | Delamore the Hill Orc Fighter began the quest for the Orb.
     0 | D:1      | Reached XP level 1. HP: 19/19 MP: 1/1
    25 | D:1      | Reached skill level 3 in Axes
   220 | D:1      | Reached XP level 2. HP: 26/26 MP: 2/2
   599 | D:1      | Reached skill level 4 in Axes
   773 | D:2      | Reached XP level 3. HP: 15/31 MP: 3/3
  1068 | D:2      | Reached skill level 5 in Axes
  1068 | D:2      | Reached XP level 4. HP: 26/39 MP: 4/4
  1076 | D:2      | Reached skill level 6 in Axes
  1347 | D:2      | Reached XP level 5. HP: 36/45 MP: 5/5
  1389 | D:2      | Found an ancient bone altar of Kikubaaqudgha.
  1473 | D:2      | Found a shimmering altar of Xom.
  1473 | D:2      | Found a radiant altar of Vehumet.
  1664 | D:3      | Reached skill level 7 in Axes
  1977 | D:3      | Found an opulent altar of Gozag.
  1996 | D:3      | Reached skill level 8 in Axes
  1996 | D:3      | Reached XP level 6. HP: 45/51 MP: 6/6
  2267 | D:3      | Found a hazy altar of Hepliaklqana.
  2476 | D:4      | Noticed Sigmund
  2580 | D:3      | Reached skill level 9 in Axes
  2586 | D:3      | Reached XP level 7. HP: 12/57 MP: 7/7
  2836 | D:4      | Killed Sigmund
  2836 | D:4      | Reached skill level 10 in Axes
  2888 | D:4      | Got a crude scale mail
  2899 | D:4      | Identified the +1 scale mail "Ceguz" {-Tele rPois rC+++
                  | MP-9} (You found it on level 4 of the Dungeon)
  2995 | D:4      | Got a brightly glowing dagger
  2996 | D:4      | Identified the +12 dagger "Takuy" {flame, Str+8 Int-4
                  | Stlth-} (You found it on level 4 of the Dungeon)
  3032 | D:4      | Reached skill level 11 in Axes
  3054 | D:4      | You fall into a shaft and drop 1 floor!
  3054 | D:5      | Entered Level 5 of the Dungeon
  3156 | D:5      | Reached XP level 8. HP: 53/64 MP: 0/8
  3243 | D:5      | Found a runed translucent door.
  3244 | D:5      | Noticed Linguinho's ghost (novice TrFi)
  3535 | D:4      | Reached skill level 12 in Axes
  3784 | D:4      | Noticed Natasha
  3790 | D:4      | Killed Natasha
  4014 | D:4      | Noticed Natasha
  4016 | D:4      | Killed Natasha
  4391 | D:5      | Found a staircase to the Ecumenical Temple.
  4507 | Temple   | Entered the Ecumenical Temple
  4760 | D:6      | Reached skill level 13 in Axes
  4889 | D:6      | Found a sacrificial altar of Ru.
  5001 | D:6      | Found a shattered altar of Ashenzari.
  5014 | D:6      | Reached XP level 9. HP: 68/70 MP: 0/9
  5154 | D:6      | Reached skill level 14 in Axes
  5637 | D:6      | Found a sparkling altar of Nemelex Xobeh.
  5951 | D:7      | Found an iron altar of Okawaru.
  5980 | D:7      | Became a worshipper of Warmaster Okawaru
  6160 | D:7      | Reached skill level 15 in Axes
  6469 | D:8      | Reached skill level 16 in Axes
  6508 | D:8      | Noticed a hornet
  6531 | D:8      | HP: 3/70 [hornet (6)]
  6532 | D:8      | Killed a hornet
  6532 | D:8      | Reached * piety under Okawaru
  6533 | D:8      | HP: 1/70 [soldier ant (11)]
  6534 | D:8      | Gained mutation: You occasionally shout uncontrollably at
                  | your foes. [potion of mutation]
  6534 | D:8      | Gained mutation: You are partially covered in thin metallic
                  | scales. (AC +2) [potion of mutation]
  6534 | D:8      | Slain by a soldier ant

Levels and vault maps discovered:
D:1:      dpeg_arrival_rooms_c, layout_basic
D:2:      cheibrodos_pilgrimage, layout_basic, kiku_gazebo_garden_becter,
          minitemple
D:3:      layout_rooms, nicolae_gozag_cash_rules_everything_around_me,
          first_ration, supply_closet_lemuel, lemuel_statue_altar
D:4:      minmay_thinvault, layout_basic, minmay_bisected, uniq_sigmund,
          uniq_natasha
D:5:      layout_gridville, minmay_temple_entry_poolview, gammafunk_ghost_grave
D:6:      lemuel_upstairs_altar, layout_basic, lemuel_crystal_altar,
          nemelex_altar_shiori, nicolae_ru_sacrificial_ziggurat,
          serial_co_window_serial, co_window_of_opportunity_a,
          co_window_corner_a, co_window_paths_b, co_window_paths_a,
          co_window_paths_a, co_window_paths_c, co_window_broadway_b,
          co_window_broadway_c, glass_columns_b, glass_columns_c,
          glass_columns_b, glass_columns_a, glass_columns_c
D:7:      layout_loops_cross, okawaru_gym_becter
D:8:      layout_cave_pools, nicolae_overflow_hidden_temple,
          kennysheep_little_box, serial_shops, nicolae_shop_crystal, shop,
          nicolae_shop_statue_plus, nicolae_shop_stone, nicolae_shop_waterfront,
          hangedman_pestilent_swarm
Temple:   pf_slime_end_temple

Skill      XL: |  1  2  3  4  5  6  7  8  9 |
---------------+----------------------------+-----
Axes           | 3 4 5 6 8 9 11 13 16 | 16.3
Fighting       | |  3.6
Armour         | |  3.2
Shields        | |  3.2

Action                   |  1- 3 |  4- 6 |  7- 9 || total
-------------------------+-------+-------+-------++-------
Melee: War axe           |    80 |   160 |   379 ||   619
Throw: Dart              |       |       |     2 ||     2
  Use: Scroll            |       |       |     6 ||     6
       Potion            |       |       |     2 ||     2
  Eat: Chunk             |     1 |     4 |    14 ||    19
Armor: Scale mail        |    32 |    44 |   119 ||   195
       Ring mail         |       |    32 |     1 ||    33
Dodge: Dodged            |    23 |    47 |    93 ||   163
Block: Shield            |    53 |   102 |   153 ||   308
